 Dungeon Crawl Stone Soup version 0.30-a0-364-gf6b3ef1049 (webtiles) character file.

Game seed: 15434171026595269824

310 HolyTactitian the Magician (level 6, -3/42 HPs)
             Began as a Djinni Fire Elementalist on Nov 15, 2022.
             Was an Initiate of the Shining One.
             Engulfed by a cloud of flame (10 damage)
             ... in a sewer.
             The game lasted 00:26:43 (3945 turns).

HolyTactitian the Magician (DjFE)                   Turns: 3945, Time: 00:26:44

Health: -3/42      AC:  3    Str:  7    XL:     6   Next: 69%
Gold:   82         EV: 13    Int: 16    God:    the Shining One [......] SH:  0 Dex: 16

rFire   + . .      SeeInvis +    b - +2 whip (venom)
rCold   . . .      Faith    .    (no shield)
rNeg    . . .      Spirit   .    a - +0 robe
rPois   ∞          Reflect  .    (no helmet)
rElec   .          Harm     .    (no cloak)
rCorr   .          Rampage  .    o - +0 pair of gloves
Will    .....                    (boots unavailable)
Stlth   +.........               (no amulet)
HPRegen 0.27/turn                g - ring of see invisible
MPRegen 0.00/turn                d - ring of ice

@: flying, glowing
A: sickness immunity, fire resistance 2, cold vulnerability 1, float, innate
caster, HP casting, extra vitality 1
a: Renounce Religion


You were in a sewer.
You worshipped the Shining One.
The Shining One was noncommittal.
You visited 1 branch of the dungeon, and saw 3 of its levels.
You also visited: Sewer.

You collected 82 gold pieces.

Inventory:

Hand Weapons
 b - a +2 whip of venom (weapon)
Missiles
 p - 13 poisoned darts
Armour
 a - a +0 robe (worn)
 o - a +0 pair of gloves (worn)
Jewellery
 d - a ring of ice (right hand)
 g - a ring of see invisible (left hand)
 n - a ring of protection from fire
Scrolls
 c - 2 scrolls of identify {unknown}
 h - a scroll of enchant armour {unknown}
 j - a scroll of butterflies {unknown}
 l - 2 scrolls of immolation {unknown}
 m - 2 scrolls of teleportation {unknown}
 q - a scroll of magic mapping {unknown}
 s - a scroll of vulnerability {unknown}
 u - a scroll of fear {unknown}
Potions
 e - 2 potions of degeneration {unknown}
 f - a potion of ambrosia {unknown}
 i - a potion of invisibility {unknown}
 k - a potion of berserk rage {unknown}
 r - a potion of curing {unknown}
 t - 2 potions of attraction {unknown}


   Skills:
 + Level 1.5 Fighting
 + Level 1.8 Maces & Flails
 + Level 3.1 Dodging
 + Level 2.6 Stealth
 + Level 4.1 Spellcasting


You couldn't memorise any spells.
You knew the following spells:

 Your Spells              Type           Power      Damage    Failure   Level
a - Foxfire               Conj/Fire      64%        2x1d7     3%          1
b - Scorch                Fire           32%        2d7       4%          2
c - Kindle Blastsparks    Fire/Tloc/Air  32%        2d12      10%         3
d - Inner Flame           Hex/Fire       16%        N/A       10%         3
e - Flame Wave            Conj/Fire      16%        2d7       30%         4
f - Sting                 Tmut/Pois      64%        1d6       3%          1
g - Searing Ray           Conj           32%        2d5       4%          2
Your spell library was empty.

Dungeon Overview and Level Annotations

Branches:
Dungeon (3/15)              Sewer (1/1)

Altars:
Ashenzari
The Shining One

Annotations:
D:3 2 transporters, pigah's ghost, amateur DsBe


Innate Abilities, Weirdness & Mutations

You are immune to sickness and miasma.
You are immune to poison.
Your flesh is very heat resistant. (rF++)
You are vulnerable to cold. (rC-)
You float through the air rather than walking.
You learn spells naturally, not from books.
Your magical power is your life essence.
You have superior vitality. (+4 MHP)


Message History

The kobold brigand is severely wounded.
You hit the kobold brigand.
The kobold brigand looks as sick as possible!
The kobold brigand is almost dead.
You kill the kobold brigand!
You hear a splash. x2
p - 13 poisoned darts (gained 7)
You see here a +0 dagger.
You see here an adder corpse.
You see here an adder corpse.
You see here a +0 dagger.
You start resting.
HP restored.
You start waiting.
Done waiting.
An adder and a ball python come into view.
The adder hisses angrily.
The ball python hisses angrily.
Aiming: Inner Flame (dangerous; 10% risk of failure)
Press: ? - help, Q - select action, (/) - cycle Dir - move target, f - adder
Aim: an adder (chance to affect: 78%)
The adder is filled with an inner flame.
The adder barely misses you.
You hit the adder.
Flame seeps out of the adder.
The adder is poisoned.
The adder is heavily wounded.
Flame seeps out of the adder.
The adder is engulfed in blazing flames.
The adder explodes!
The fiery explosion engulfs you! You resist.
The fiery explosion engulfs the ball python!!
You kill the ball python!
You hear a shout!
Unknown command.
Unknown command.
You are engulfed in blazing flames.
You resist.
You are engulfed in blazing flames.
You resist.
* * * LOW HITPOINT WARNING * * *
You see here a ball python corpse.
You're standing in a cloud of flame!
You are engulfed in blazing flames.
You resist.
You die...

#~~.##
##~~.#
#~.~#
#~~~#
#~~~#
#~~.#
##~.~##
##~~~##
#.~~)~#
#.~~~~#
#~###.#
#~###~#
#~# #~#
#§# ~#
#)###†##
##§## .#
#.~.#.~~#
#@§§#
#~#~#~#~#
#~#§# #~
†#~#~#
#~#~# #~
~#~#~#
#~#~# #.
.#.#.#
#.#.# ##
######
#####


There were no monsters in sight!

Vanquished Creatures
  2 kobold brigands (Sewer)
  9 adders
  2 river rats (Sewer)
  A worm (D:2)
  A bat (D:1)
  5 endoplasms
  2 giant cockroaches (D:3)
  4 goblins
  11 hobgoblins
  3 quokkas
  12 ball pythons
  6 frilled lizards
  10 kobolds
  5 rats
73 creatures vanquished.

Vanquished Creatures (others)
  64 foxfires
64 creatures vanquished.

Grand Total: 137 creatures vanquished

Notes
Turn   | Place    | Note
-------+----------+-------------------------------------------
     0 | D:1      | HolyTactitian the Djinni Fire Elementalist began the quest
                  | for the Orb.
     0 | D:1      | HolyTactitian set off with the following spells memorised:
                  | Foxfire, Scorch, Kindle Blastsparks, Inner Flame, Flame
                  | Wave.
     0 | D:1      | Reached XP level 1. HP: 15/15 MP: 0/0
   228 | D:1      | Reached XP level 2. HP: 21/21 MP: 0/0
  1107 | D:2      | Reached skill level 3 in Spellcasting
  1107 | D:2      | Reached XP level 3. HP: 19/25 MP: 0/0
  1107 | D:2      | Learned a level 1 spell: Sting
  1792 | D:2      | Reached XP level 4. HP: 31/31 MP: 0/0
  2829 | D:3      | Found a glowing golden altar of the Shining One.
  2868 | D:3      | Became a worshipper of the Shining One
  2962 | D:3      | Found a transporter.
  2967 | D:3      | Noticed pigah's ghost (amateur DsBe)
  2986 | D:3      | Reached XP level 5. HP: 30/36 MP: 0/0
  2986 | D:3      | Learned a level 2 spell: Searing Ray
  3008 | D:3      | Found a transporter.
  3072 | D:3      | Found a broken altar of Ashenzari.
  3246 | D:3      | Found a glowing drain.
  3260 | Sewer    | Entered a sewer
  3551 | Sewer    | Noticed a kobold brigand
  3561 | Sewer    | Killed a kobold brigand
  3562 | Sewer    | Reached skill level 1 in Fighting
  3562 | Sewer    | Reached skill level 1 in Maces & Flails
  3562 | Sewer    | Reached XP level 6. HP: 24/42 MP: 0/0
  3733 | Sewer    | Reached skill level 4 in Spellcasting
  3945 | Sewer    | Engulfed by a cloud of flame

Illustrated notes

Levels and vault maps discovered:
D:1:      nicolae_arrival_memento_mori, layout_loops_corners,
          roderic_serpentine_path
D:2:      minmay_chambers_of_ones, layout_basic, minmay_ruptured
D:3:      layout_loops_corners, overflow_temple_1_default, tso_metal_star,
          gammafunk_ghost_stat_death, gup_sewer_entry_glass, kennysheep_potato
Sewer:    sewer_co_tree

Skill      XL: |  1  2  3  4  5  6 |
---------------+-------------------+-----
Spellcasting   | 3 4 |  4.1
Stealth        | 2 |  2.6
Fighting       | 1 |  1.5
Maces & Flails | 1 |  1.8
Dodging        | 3 |  3.1

Action                   |  1- 3 |  4- 6 || total
-------------------------+-------+-------++-------
Melee: Whip              |    31 |    67 ||    98
       Punch             |       |     1 ||     1
 Cast: Foxfire           |    24 |    21 ||    45
       Scorch            |     5 |     9 ||    14
       Sting             |     4 |       ||     4
       Searing Ray       |       |     3 ||     3
       Inner Flame       |       |     1 ||     1
 Stab: Sleeping          |     2 |       ||     2
Armor: Robe              |     8 |    24 ||    32
Dodge: Dodged            |    27 |    43 ||    70

Table legend: (Time is in decaauts)
 A = Elapsed time spent in this place.
 B = Non-inter-level travel time spent in this place.
 C = Inter-level travel time spent in this place.
 D = Time resting spent in this place.
 E = Time spent auto-exploring this place.
 F = Levels seen in this place.
 G = Mean time per level.
                   A        B        C        D        E       F      G
               +--------+--------+--------+--------+--------+-----+--------+
         Total |   3951 |   3643 |    308 |    957 |      0 |   4 |  987.8 |
       Dungeon |   3265 |   2957 |    308 |    525 |      0 |   3 | 1088.3 |
         Sewer |    685 |    685 |      0 |    432 |      0 |   1 |  685.0 |
               +--------+--------+--------+--------+--------+-----+--------+

Top non-repeatable levels by time:
     D:2: 1781 daAuts
     D:1: 1042 daAuts
   Sewer: 685 daAuts
     D:3: 441 daAuts
